 Dungeon Crawl Stone Soup version 0.26.1-2-gb8aa6d0 (webtiles) character file.

Game seed: 12735347749348153814

130 Nithhogg the Covered (level 5, -4/43 HPs)
             Began as a Barachi Fighter on Apr 1, 2021.
             Killed from afar by Sigmund (8 damage)
             ... with a puff of flame
             ... on level 2 of the Dungeon.
             The game lasted 00:03:16 (1981 turns).

Nithhogg the Covered (Barachi Fighter)              Turns: 1981, Time: 00:03:17

Health: -4/43      AC:  8    Str: 19    XL:     5   Next: 14%
Magic:  5/5        EV: 10    Int:  8    God:
Gold:   137        SH:  0    Dex: 11    Spells: 4/4 levels left

rFire    . . .     SeeInvis .   p - +3 trident
rCold    . . .     Faith    .   (no shield)
rNeg     . . .     Spirit   .   b - +0 scale mail
rPois    .         Reflect  .   (no helmet)
rElec    .         Harm     .   (no cloak)
rCorr    .         Rampage  .   (no gloves)
Will     .....                  h - +0 pair of boots
Stlth    ..........             (no amulet)
HPRegen  0.14/turn              n - ring of flight
MPRegen  0.09/turn              (no ring)

@: brilliant, can't hop, slow
A: +LOS, swims, slowness 1, strong legs 1
a: Hop, Evoke Flight


You were on level 2 of the Dungeon.
You visited 1 branch of the dungeon, and saw 2 of its levels.

You collected 137 gold pieces.

Inventory:

Hand Weapons
 a - a +0 war axe
 p - a +3 trident (weapon)
Armour
 b - a +0 scale mail (worn)
 c - a +0 kite shield
 h - a +0 pair of boots (worn)
Jewellery
 n - a ring of flight (left hand)
Scrolls
 f - 5 scrolls of identify {unknown}
 i - a scroll of random uselessness {unknown}
 k - a scroll of fear {unknown}
 l - 2 scrolls of teleportation {unknown}
 m - 2 scrolls of amnesia {unknown}
 o - a scroll of immolation {unknown}
 r - 2 scrolls of remove curse {unknown}
 s - a scroll of enchant armour {unknown}
 u - a scroll of magic mapping {unknown}
Potions
 d - 2 potions of might
 e - a potion of brilliance
 j - a potion of berserk rage {unknown}
 q - a potion of degeneration {unknown}
 t - a potion of attraction {unknown}
 v - a potion of flight {unknown}
 w - a potion of heal wounds {unknown}


   Skills:
 + Level 4.4 Fighting
 * Level 3.9 Axes
 + Level 4.4 Armour
 + Level 2.0 Dodging
 - Level 3.2 Shields


You had 4 spell levels left.
You didn't know any spells.
Your spell library was empty.

Dungeon Overview and Level Annotations

Branches:
Dungeon (2/15)

Altars:

Annotations:
D:2 Sigmund


Innate Abilities, Weirdness & Mutations

You can be seen from farther away. (+LOS)
You can swim through water.
You cover ground slowly.
You can hop short distances.


Message History

Something hits you but does no damage.
You miss something. Something hits you.
You miss something.
You hear some strange, mumbled words.
A magic dart appears from out of thin air!
The magic dart hits you.
* * * LOW HITPOINT WARNING * * *
You hit something. Something hits you.
* * * LOW HITPOINT WARNING * * *
It was a potion of brilliance.
You feel clever all of a sudden. Something hits you!
* * * LOW HITPOINT WARNING * * *
It was a potion of magic.
Magic courses through your body.
Hop to where?
Press: ? - help, Dir - move target Boing!
A puff of flame appears from out of thin air!
The puff of flame hits you!
You die...

#....#............... #
#....#.##.##.#####.## ###
#.#....#.##.##.#####.#
...
####.#...{..............#
...
............#############
... ####.#......########
... ..................#
#.# ###.#......######## #
.. ##.#@#.# ## ...#.#.#
#. ###.#.################
.. #...................
#. #.##################
#. #


There were no monsters in sight!

Vanquished Creatures
  Jessica (D:2)
  Natasha (D:2)
  2 adders (D:2)
  An ooze (D:1)
  2 worms (D:2)
  A dart slug (D:1)
  A leopard gecko (D:1)
  A ball python (D:1)
  3 giant cockroaches (D:2)
  6 goblins
  6 hobgoblins
  7 jackals
  A quokka (D:2)
  2 bats (D:1)
  3 frilled lizards
  6 kobolds (D:1)
  2 rats
46 creatures vanquished.

Notes
Turn   | Place    | Note
-------+----------+-------------------------------------------
     0 | D:1      | Nithhogg the Barachi Fighter began the quest for the Orb.
     0 | D:1      | Reached XP level 1. HP: 18/18 MP: 1/1
   482 | D:1      | Reached XP level 2. HP: 25/25 MP: 2/2
   679 | D:1      | Reached skill level 1 in Dodging
   707 | D:1      | Reached XP level 3. HP: 29/30 MP: 3/3
  1301 | D:2      | Noticed Natasha
  1312 | D:2      | Killed Natasha
  1313 | D:2      | Reached XP level 4. HP: 31/37 MP: 4/4
  1753 | D:2      | Noticed Jessica
  1769 | D:2      | Killed Jessica
  1770 | D:2      | Reached XP level 5. HP: 41/43 MP: 5/5
  1949 | D:2      | Noticed Sigmund
  1981 | D:2      | Killed from afar by Sigmund

Illustrated notes

Levels and vault maps discovered:
D:1:      erik_arrival_triangle_small, layout_basic, serial_rivers,
          chequers_serial_rivers_micro_c, chequers_serial_rivers_room_a,
          chequers_serial_rivers_micro_e, chequers_serial_rivers_small_3
D:2:      layout_basic, minmay_misc_feat_roman, uniq_natasha, uniq_jessica,
          uniq_sigmund

Skill      XL: |  1  2  3  4 |
---------------+-------------+-----
Dodging        | 1 2 |  2.0
Fighting       | 4 |  4.4
Axes           | 3 |  3.9
Armour         | 4 |  4.4
Shields        | |  3.2

Action                   |  1- 3 |  4- 6 || total
-------------------------+-------+-------++-------
Melee: War axe           |    97 |     7 ||   104
       Trident           |       |    46 ||    46
 Abil: Hop               |       |     1 ||     1
  Use: Potion            |       |     2 ||     2
Armor: Scale mail        |    60 |    28 ||    88
Dodge: Dodged            |    74 |    25 ||    99
